 Dungeon Crawl Stone Soup version 0.29.0-11-gd7f09526c8 (webtiles) character file.

Game seed: 9282355740288725198

38871 smilodon the Nimble (level 13, -3/105 HPs)
             Began as a Demonspawn Fighter on Sept 2, 2022.
             Was an Elder of Jiyva.
             Slain by a red devil
             ... wielding a +0 trident
             ... summoned by an orc sorcerer
              (5 damage)
             ... while paralysed by an orc sorcerer
             ... on level 2 of the Orcish Mines.
             The game lasted 00:56:44 (14806 turns).

smilodon the Nimble (Demonspawn Fighter)           Turns: 14806, Time: 00:56:57

Health: -3/105     AC: 34    Str: 28    XL:     13   Next: 66%
Magic:  13/13      EV:  2    Int:  8    God:    Jiyva [****..]
Gold:   397        SH:  0    Dex: 12    Spells: 12/12 levels left

rFire   . . .      SeeInvis +   t - +5 hand axe (vamp)
rCold   . . .      Faith    +   c - +3 buckler
rNeg    . . .      Spirit   .   I - +18 Lear's hauberk
rPois   .          Reflect  .   (helmet currently unavailable)
rElec   .          Harm     .   e - +2 cloak
rCorr   +          Rampage  .   (gloves currently unavailable)
Will    .....      Clarity  +   (boots currently unavailable)
Stlth   ..........              N - amulet "Syhuh" {Faith rCorr}
HPRegen 1.55/turn               O - ring of see invisible
MPRegen 0.53/turn               w - +4 ring of evasion

@: paralysed, lethally poisoned (-3 -> -12), spiked
A: hooves 2, slimy green scales 2, demonic guardian 2, icemail 1, condensation
shield, clarity, robust 1, strong 2
a: Renounce Religion, Oozemancy, Slimify


You were on level 2 of the Orcish Mines.
You worshipped Jiyva.
Jiyva was greatly pleased with you.
You visited 3 branches of the dungeon, and saw 16 of its levels.
You visited the Abyss 1 time.
You also visited: Sewer.

You collected 2015 gold pieces.
You spent 1618 gold pieces at shops.

Inventory:

Hand Weapons
 a - a +0 war axe
 l - a +2 dagger of speed
 m - a +0 war axe of distortion
 t - a +5 vampiric hand axe (weapon)
 z - a +0 rapier of flaming
 G - the +9 long sword of a bailey {venom, Str+6}
   (You bought it in a shop on level 1 of the Dungeon)

   It poisons the flesh of those it strikes.
   Str:       It affects your strength (+6).
 Q - a +1 vampiric scimitar
 R - the +1 short sword of Precise Incision {freeze, rC- Str+4 Int+9 Dex+4}
   (You took it off a centaur on level 13 of the Dungeon)

   It freezes those it strikes, dealing additional cold damage.
   It can also slow down cold-blooded creatures.
   Str:       It affects your strength (+4).
   Int:       It affects your intelligence (+9).
   Dex:       It affects your dexterity (+4).
   rC:        It makes you vulnerable to cold.
 S - a +0 scimitar of flaming
Missiles
 y - 4 curare-tipped darts (quivered)
 B - a throwing net
Armour
 b - a +0 scale mail
 c - a +3 buckler (worn)
 e - a +2 cloak (worn)
 I - the +18 Lear's hauberk (worn)
   (You found it on level 11 of the Dungeon)
 K - the +3 hat of Pondering {ponderous, Will+ MP+10 Int+5}
   (You found it on level 13 of the Dungeon)

   Int:       It affects your intelligence (+5).
   MP:        It affects your magic capacity (+10).
   Will:      It increases your willpower.
Jewellery
 n - a +6 ring of dexterity
 q - a ring of flight
 u - a +6 ring of dexterity
 w - a +4 ring of evasion (right hand)
 F - an amulet of guardian spirit
 N - the amulet "Syhuh" (around neck) {Faith rCorr}
   (You bought it in a shop on level 12 of the Dungeon)

   [amulet of faith]

   It allows you to gain divine favour quickly.
   rCorr:     It protects you from acid and corrosion.
 O - a ring of see invisible (left hand)
Wands
 g - a wand of polymorph (2)
 A - a wand of paralysis (7)
 H - a wand of mindburst (3)
 J - a wand of flame (23)
 L - a wand of iceblast (13)
Scrolls
 j - 5 scrolls of butterflies
 k - a scroll of immolation
 o - 4 scrolls of noise
 p - 5 scrolls of fear
 x - a scroll of vulnerability
 C - 2 scrolls of poison
 D - a scroll of teleportation
 E - a scroll of identify
 M - a scroll of magic mapping
 P - a scroll of amnesia
Potions
 d - 2 potions of flight
 f - 2 potions of cancellation
 h - 10 potions of degeneration
 i - 2 potions of brilliance
 r - 2 potions of heal wounds
 s - a potion of haste
 v - 5 potions of curing


   Skills:
 + Level 7.4 Fighting
 - Level 3.1(8.6) Short Blades
 * Level 12.4(12.6) Long Blades
 - Level 11.9 Axes
 - Level 0.8 Throwing
 + Level 6.3 Armour
 - Level 14.0 Dodging
 + Level 7.1 Shields
 + Level 0.4 Unarmed Combat
 + Level 1.3 Invocations
 + Level 2.4 Evocations


You had 12 spell levels left.
You didn't know any spells.
Your spell library contained the following spells:

 Spells                   Type           Power      Damage    Failure   Level
 Blink                    Tloc           0%         N/A       99%         2
 Ignite Poison            Fire/Tmut/Pois 0%         N/A       100%        3
 Lesser Beckoning         Tloc           0%         N/A       100%        3
 Mephitic Cloud           Conj/Pois/Air  0%         N/A       100%        3
 Airstrike                Air            0%         2d(0-16)  100%        4
 Summon Ice Beast         Ice/Summ       0%         N/A       100%        4
 Summon Lightning Spire   Summ/Air       0%         N/A       100%        4
 Freezing Cloud           Conj/Ice/Air   0%         6-21      100%        5
 Lightning Bolt           Conj/Air       0%         1d11      100%        5
 Manifold Assault         Tloc           0%         N/A       100%        5
 Summon Mana Viper        Hex/Summ       0%         N/A       100%        5
 Monstrous Menagerie      Summ           0%         N/A       100%        7


Dungeon Overview and Level Annotations

Branches:
Dungeon (13/15)            Temple (1/1) D:7            Lair (0/5) D:10
    Orc (2/2) D:12            Elf (0/3) Orc:2        Vaults (0/5) D:13
  Sewer (visited)

Altars:
Ashenzari
Cheibriados
Dithmenos
Fedhas
Gozag
Hepliaklqana
Kikubaaqudgha
Makhleb
Nemelex Xobeh
Okawaru
Qazlal
Ru
Sif Muna
Trog
Uskayaw
Vehumet
Wu Jian
Xom
Yredelemnul
Jiyva

Shops:
D:1 (   D:5 :   D:12 =   Orc:2 ?!*

Annotations:
D:9 1 transporter
D:13 3 runed translucent doors, Uhalu's ghost, journeyman TrMo


Innate Abilities, Weirdness & Mutations

You have hoof-like feet.
You are mostly covered in slimy green scales. (AC +3)
A demonic guardian rushes to your aid.
A meltable icy envelope protects you from harm. (AC +0)
A meltable shield of frost defends you. (SH +0)
You possess an exceptional clarity of mind.
You are robust. (+10% HP)
Your muscles are very strong. (Str +8, Int/Dex -2)


Message History

The sticky flame hits you but does no damage.
You are covered in liquid flames!
The red devil hits you but does no damage.
You are more poisoned.
Your hellwing hits the orc sorcerer. x2
You are covered in liquid flames!
You feel very sick.
The orc sorcerer gestures at you while chanting.
The bolt of fire hits you!
The orc sorcerer hits your hellwing with a +0 dagger.
The red devil hits you but does no damage.
The smoke demon gestures at you. Something smites you!
The red devil hits you but does no damage.
Your hellwing hits the orc sorcerer.
Your hellwing closely misses the orc sorcerer.
You hear a shout!
You are covered in liquid flames!
* * * LOW HITPOINT WARNING * * *
You feel very sick.
The orc sorcerer hits you but does no damage.
The orc sorcerer hits your hellwing with a +0 dagger.
The red devil hits you with a +0 trident.
* * * LOW HITPOINT WARNING * * *
Barbed spikes become lodged in your body.
The smoke demon hits you but does no damage. x3
The red devil hits you with a +2 trident of venom!
* * * LOW HITPOINT WARNING * * *
Barbed spikes become lodged in your body.
You are lethally poisoned!
Your hellwing hits the orc sorcerer!
The orc sorcerer dies!
The smoke demon disappears in a puff of smoke!
The red devil disappears in a puff of smoke!
You are covered in liquid flames!
* * * LOW HITPOINT WARNING * * *
x2 You feel very sick.
The orc sorcerer hits you but does no damage.
An orc wizard comes into view. It is wielding a +0 dagger.
The red devil hits you with a +0 trident.
You die...

# ## #..###≈# # #..
#≈..#§≈# ## #..
#≈..#§§# ######.
.#..≈#≈..8§§##
##..##..
.....#....§≈≈#
#......>
.o......4≈≈§≈#
##..##.J
...§§oo4o§§§≈# ##..#..
≈≈§§§≈≈@.§§≈§# ####..
#########≈..§≈≈≈# #...
#≈ .∩..8.§##≈).§§§##
#### #≈§
.....≈##..8).≈# # #≈..
..§§≈##...).≈# # ##...
#...###'#+#≈# #
....≈#####≈........###
....≈≈§≈§≈≈.........##
###
.......).[.§......8.≈#
#.#


You could see an orc sorcerer (ally target), a red devil (summoned), 3 orc
wizards and a friendly hellwing (summoned).

Vanquished Creatures
  A vampire knight (D:11)
  An ettin (D:13)
  2 jiangshi (D:11)
  2 boulder beetles
  2 hydras (D:13)
  2 ogre magi
  Erolcha (Orc:2)
  2 centaur warriors (D:13)
  A tengu warrior (D:13)
  6 two-headed ogres
  5 skeletal warriors
  2 flayed ghosts (D:11)
  4 bog bodies
  Pikel (D:7)
  A wizard (D:13)
  A wolf spider zombie (D:11)
  2 deep elf pyromancers
  3 orc sorcerers (Orc:2)
  A cyclops (D:13)
  4 ugly things
  A hellion (Abyss:3)
  A gargoyle (D:13)
  3 centaur skeletons (D:13)
  An efreet (D:13)
  5 trolls
  Grinder (D:5)
  A slime creature (D:11)
  A spriggan (D:7)
  A vampire (D:11)
  A shadow (D:10)
  A wraith (D:12)
  Eustachio (D:5)
  A wyvern (D:8)
  22 yaks
  12 vampire mosquitoes
  Menkaure (D:6)
  A steam dragon (D:8)
  2 wargs (Orc:2)
  3 water moccasins (D:10)
  2 acid dragons
  Duvessa (D:7)
  3 orc warriors
  A swamp drake (D:12)
  A sky beast (D:8)
  2 black bears
  2 ice beasts
  5 ogres
  2 phantoms (D:6)
  8 centaurs
  3 kobold brigands
  5 bullfrogs
  A gnoll sergeant (D:6)
  2 scorpions
  A bullfrog (shapeshifter) (Abyss:3)
  A small abomination (Abyss:3)
  Dowan (D:7)
  8 killer bees
  5 howler monkeys
  2 electric eels (D:7)
  A gnoll bouda (D:9)
  8 orc priests
  3 hounds (D:5)
  An iron imp (Abyss:3)
  4 jellies
  4 iguanas
  19 orc wizards
  6 gnolls
  9 adders
  A river rat (Sewer)
  2 shadow imps
  A white imp (D:6)
  4 ufetubi
  2 worms
  A dart slug (D:1)
  43 orcs
  5 endoplasms
  8 giant cockroaches
  10 hobgoblins
  13 jackals
  3 quokkas
  9 ball pythons
  6 bats
  A frilled lizard (D:3)
  4 goblins
  18 kobolds
  10 rats
356 creatures vanquished.

Vanquished Creatures (collateral kills)
  A jiangshi (D:10)
  2 two-headed ogres
  2 skeletal warriors (D:10)
  A deep elf zephyrmancer (D:13)
  An orc sorcerer (Orc:2)
  A cyclops (D:12)
  A manticore (D:12)
  An ugly thing (D:11)
  2 unseen horrors (D:10)
  3 trolls
  A hornet (D:9)
  3 yaks (D:10)
  A water moccasin (D:10)
  2 black bears
  2 centaurs
  A kobold brigand (D:9)
  A bullfrog (D:10)
  A scorpion (D:10)
  6 killer bees
  A gnoll (D:9)
  4 kobolds
38 creatures vanquished.

Vanquished Creatures (others)
  A hydra (D:13)
  A two-headed ogre (D:13)
  A tengu warrior (D:13)
  A deep elf knight (D:13)
  An orc sorcerer (Orc:2)
  An unseen horror zombie (D:10)
  A shadow (D:13)
  A yak (D:11)
  A vampire mosquito (D:13)
  A two-headed ogre zombie (D:10)
  An acid dragon (D:13)
  A centaur (D:13)
  A vampire mosquito zombie (D:10)
  3 water moccasin zombies (D:10)
  2 yak zombies (D:10)
  A bullfrog zombie (D:10)
  A centaur zombie (D:10)
  35 jellies
  2 orc priests
  A scorpion zombie (D:10)
  2 orc wizards (Orc:2)
  A boggart skeleton (D:13)
  A steam dragon zombie (D:8)
  11 orcs
  2 gnoll zombies (D:9)
  A kobold (D:8)
  2 kobold zombies (D:8)
  3 demonic plants (Abyss:3)
  45 fungi
  31 plants
157 creatures vanquished.

Grand Total: 551 creatures vanquished

Notes
Turn   | Place    | Note
-------+----------+-------------------------------------------
     0 | D:1      | smilodon the Demonspawn Fighter began the quest for the
                  | Orb.
     0 | D:1      | Reached XP level 1. HP: 18/18 MP: 1/1
   103 | D:1      | Found Ibi Sant's Antique Weapon Boutique.
   150 | D:1      | Gained mutation: You have large cloven feet. [demonic
                  | ancestry]
   150 | D:1      | Reached XP level 2. HP: 23/24 MP: 2/2
   377 | D:1      | Gained mutation: You have hoof-like feet. [demonic
                  | ancestry]
   377 | D:1      | Reached XP level 3. HP: 29/29 MP: 3/3
   589 | D:1      | Gained mutation: You have a pair of small horns on your
                  | head. [potion of mutation]
   589 | D:1      | Gained mutation: You have a pair of horns on your head.
                  | [potion of mutation]
   850 | D:2      | Found a faded altar of an unknown god.
  1224 | D:2      | Gained mutation: A meltable shield of frost defends you.
                  | (SH +0) [demonic ancestry]
  1224 | D:2      | Reached XP level 4. HP: 35/35 MP: 4/4
  1709 | D:3      | Found a glowing drain.
  1739 | D:3      | Reached skill level 1 in Short Blades
  1751 | Sewer    | Entered a sewer
  1894 | Sewer    | Noticed a kobold brigand
  1901 | Sewer    | Noticed a kobold brigand
  1905 | Sewer    | Killed a kobold brigand
  1906 | Sewer    | Gained mutation: You are partially covered in slimy green
                  | scales. (AC +2) [demonic ancestry]
  1906 | Sewer    | Reached XP level 5. HP: 39/41 MP: 5/5
  1979 | Sewer    | Identified 2 scrolls of acquirement
  1979 | Sewer    | Acquired a manual of Dodging
  2183 | D:3      | Reached skill level 1 in Dodging
  2183 | D:3      | Reached XP level 6. HP: 47/47 MP: 6/6
  2489 | D:3      | Acquired a manual of Axes
  2546 | D:4      | Reached skill level 2 in Dodging
  2571 | D:4      | Reached skill level 3 in Dodging
  2994 | D:5      | Entered Level 5 of the Dungeon
  3046 | D:5      | Gained mutation: A weak demonic guardian rushes to your
                  | aid. [demonic ancestry]
  3046 | D:5      | Reached XP level 7. HP: 54/54 MP: 7/7
  3150 | D:5      | Reached skill level 4 in Dodging
  3217 | D:5      | Noticed Eustachio
  3250 | D:5      | Killed Eustachio
  3251 | D:5      | Reached skill level 5 in Axes
  3306 | D:5      | Reached skill level 5 in Dodging
  3351 | D:5      | Gained mutation: You are mostly covered in slimy green
                  | scales. (AC +3) [demonic ancestry]
  3351 | D:5      | Reached XP level 8. HP: 50/61 MP: 8/8
  3543 | D:5      | Found Niux's Book Shoppe.
  3809 | D:5      | Reached skill level 6 in Dodging
  3826 | D:5      | Noticed Grinder
  3831 | D:5      | Paralysed by Grinder for 3 turns
  3834 | D:5      | Killed Grinder
  3835 | D:5      | Reached skill level 5 in Fighting
  3971 | D:6      | Reached skill level 7 in Dodging
  4347 | D:6      | Noticed Menkaure
  4355 | D:6      | Killed Menkaure
  4356 | D:6      | Reached skill level 8 in Dodging
  4356 | D:6      | Reached XP level 9. HP: 67/68 MP: 9/9
  4446 | D:6      | Reached skill level 10 in Axes
  4756 | D:1      | Bought a masterwork flail for 127 gold pieces
  4756 | D:1      | Identified the +5 flail of Woid {vorpal, rPois rF+++ Dex-2
                  | Stlth+} (You bought it in a shop on level 1 of the Dungeon)
  4756 | D:1      | Bought a glimmering long sword for 127 gold pieces
  4756 | D:1      | Identified the +9 long sword of a bailey {venom, Str+6}
                  | (You bought it in a shop on level 1 of the Dungeon)
  4948 | D:7      | Noticed Pikel
  4956 | D:7      | Killed Pikel
  4957 | D:7      | Reached skill level 1 in Long Blades
  5068 | D:7      | Noticed Duvessa
  5069 | D:7      | Noticed Dowan
  5078 | D:7      | Killed Duvessa
  5083 | D:7      | Killed Dowan
  5247 | D:7      | Reached skill level 9 in Dodging
  5310 | D:7      | Found a staircase to the Ecumenical Temple.
  5423 | D:7      | Paralysed by a spriggan for 3 turns
  5532 | D:7      | Found a shimmering altar of Xom.
  5533 | D:7      | Noticed a two-headed ogre
  5541 | D:7      | Killed a two-headed ogre
  5799 | D:7      | Found a blossoming altar of Fedhas.
  5806 | D:7      | Found a shimmering blue altar of Sif Muna.
  5807 | D:7      | Found an ancient bone altar of Kikubaaqudgha.
  5807 | D:7      | Found a sacrificial altar of Ru.
  5808 | D:7      | Found a hide-covered altar of Uskayaw.
  5917 | D:7      | Found a snail-covered altar of Cheibriados.
  5970 | D:7      | Found a faded altar of an unknown god.
  5971 | D:7      | Found a hazy altar of Hepliaklqana.
  6042 | D:8      | Reached XP level 10. HP: 69/74 MP: 10/10
  6232 | Temple   | Entered the Ecumenical Temple
  6317 | Temple   | Lost mutation: You have a pair of horns on your head.
                  | [potion of mutation]
  6317 | Temple   | Lost mutation: You have a pair of small horns on your head.
                  | [potion of mutation]
  6317 | Temple   | Gained mutation: Your system is resistant to poisons.
                  | (rPois) [potion of mutation]
  6317 | Temple   | Gained mutation: Your muscles are strong. (Str +4, Int/Dex
                  | -1) [potion of mutation]
  6318 | Temple   | Lost mutation: Your muscles are strong. (Str +4, Int/Dex
                  | -1) [potion of mutation]
  6318 | Temple   | Lost mutation: Your system is resistant to poisons. (rPois)
                  | [potion of mutation]
  6318 | Temple   | Gained mutation: You are weak. (Str -2) [potion of
                  | mutation]
  6318 | Temple   | Gained mutation: You possess an exceptional clarity of
                  | mind. [potion of mutation]
  6319 | Temple   | Became a worshipper of Yredelemnul the Dark
  6407 | D:8      | Found a stormy altar of Qazlal.
  6695 | D:8      | Reached * piety under Yredelemnul
  6696 | D:8      | Reached skill level 5 in Long Blades
  6713 | D:8      | Reached ** piety under Yredelemnul
  6713 | D:8      | Reached skill level 10 in Dodging
  7013 | D:8      | Acquired 881 gold pieces
  7090 | D:9      | Noticed a two-headed ogre
  7101 | D:9      | Killed a two-headed ogre
  7423 | D:9      | Noticed a two-headed ogre
  7436 | D:9      | Killed a two-headed ogre
  7437 | D:9      | Reached skill level 1 in Evocations
  7611 | D:9      | Found a transporter.
  7668 | D:9      | Paralysed by a hornet for 2 turns
  7949 | D:9      | Found a burning altar of Makhleb.
  8105 | D:9      | Reached *** piety under Yredelemnul
  8109 | D:9      | Reached **** piety under Yredelemnul
  8259 | D:9      | Found a transporter.
  8424 | D:9      | Found an ornate altar of the Wu Jian Council.
  8598 | D:9      | Found a shadowy altar of Dithmenos.
  8691 | D:9      | Found a sparkling altar of Nemelex Xobeh.
  8748 | D:10     | Entered Level 10 of the Dungeon
  8826 | D:10     | Gained mutation: A demonic guardian rushes to your aid.
                  | [demonic ancestry]
  8826 | D:10     | Reached XP level 11. HP: 72/79 MP: 11/11
  8839 | D:10     | Noticed a two-headed ogre
  8860 | D:10     | Reached skill level 11 in Dodging
  8862 | D:10     | Killed a two-headed ogre
  9346 | D:10     | Found a staircase to the Lair.
 10199 | D:11     | Noticed a skeletal warrior
 10199 | D:11     | Noticed a skeletal warrior
 10199 | D:11     | Noticed a skeletal warrior
 10199 | D:11     | Noticed a skeletal warrior
 10199 | D:11     | Noticed a skeletal warrior
 10232 | D:11     | Reached skill level 12 in Dodging
 10237 | D:11     | Found the +18 Lear's hauberk
 10419 | D:11     | Found a viscous altar of Jiyva.
 10428 | D:11     | Reached skill level 10 in Long Blades
 10428 | D:11     | Reached skill level 1 in Invocations
 10442 | D:11     | Fell from the grace of Yredelemnul
 10442 | D:11     | Became a worshipper of Jiyva Jeysuk the Shapeless
 10579 | D:11     | Noticed a red ugly thing
 10602 | D:11     | Killed a red ugly thing
 10681 | D:11     | Noticed a flayed ghost
 10681 | D:11     | Noticed a jiangshi
 10724 | D:10     | Killed a jiangshi
 10962 | D:11     | Reached * piety under Jiyva
 10995 | D:10     | Killed a skeletal warrior
 11194 | Abyss:3  | Cast into level 3 of the Abyss (skeletal warrior)
 11266 | Abyss:3  | Noticed a tentacled starspawn
 11271 | D:10     | Escaped the Abyss
 11283 | D:10     | Killed a skeletal warrior
 11291 | D:10     | Killed a skeletal warrior
 11292 | D:10     | Reached skill level 13 in Dodging
 11355 | D:11     | Killed a flayed ghost
 11501 | D:11     | Noticed a boulder beetle
 11519 | D:11     | Killed a boulder beetle
 11520 | D:11     | Gained mutation: A meltable icy envelope protects you from
                  | harm. (AC +0) [demonic ancestry]
 11520 | D:11     | Reached XP level 12. HP: 86/86 MP: 12/12
 11728 | D:11     | Noticed a jiangshi
 11770 | D:11     | Killed a jiangshi
 11879 | D:11     | Reached ** piety under Jiyva
 11996 | D:11     | Noticed a vampire knight
 12008 | D:11     | Paralysed by a vampire knight for 4 turns
 12027 | D:11     | Killed a vampire knight
 12113 | D:11     | Noticed a vampire knight
 12113 | D:11     | Noticed a jiangshi
 12283 | D:11     | Killed a jiangshi
 12434 | D:12     | Noticed a two-headed ogre
 12447 | D:12     | Killed a two-headed ogre
 12528 | D:12     | Reached skill level 14 in Dodging
 12698 | D:12     | Noticed a two-headed ogre
 12718 | D:12     | Killed a two-headed ogre
 12759 | D:12     | Found a staircase to the Orcish Mines.
 12985 | D:12     | Reached *** piety under Jiyva
 12998 | D:12     | Found Ofyah's Jewellery Shop.
 13008 | D:12     | Bought the amulet "Syhuh" {Faith rCorr} for 789 gold pieces
 13008 | D:12     | Bought a ring of see invisible for 225 gold pieces
 13086 | D:13     | Noticed a centaur warrior
 13109 | D:13     | Killed a centaur warrior
 13195 | D:13     | Noticed an ettin
 13217 | D:13     | Lost mutation: You are weak. (Str -2) [Jiyva's grace]
 13217 | D:13     | Gained mutation: Your muscles are strong. (Str +4, Int/Dex
                  | -1) [Jiyva's grace]
 13217 | D:13     | Gained mutation: Your muscles are very strong. (Str +8,
                  | Int/Dex -2) [Jiyva's grace]
 13217 | D:13     | Gained mutation: You are robust. (+10% HP) [Jiyva's grace]
 13271 | D:13     | Identified the +1 robe of Unreason {rPois rF+}
 13298 | D:13     | Reached skill level 5 in Shields
 13311 | D:13     | Found a runed translucent gate.
 13311 | D:13     | Found a runed translucent gate.
 13311 | D:13     | Found a runed translucent gate.
 13313 | D:13     | Noticed Uhalu's ghost (journeyman TrMo)
 13362 | D:13     | Noticed a six-headed hydra
 13377 | D:13     | Killed a six-headed hydra
 13384 | D:13     | Noticed a four-headed hydra
 13384 | D:13     | Found the +3 hat of Pondering {ponderous, Will+ MP+10
                  | Int+5}
 13385 | D:13     | Identified the +1 short sword of Precise Incision {freeze,
                  | rC- Str+4 Int+9 Dex+4}
 13385 | D:13     | Noticed a tengu warrior
 13388 | D:13     | Found a transporter.
 13390 | D:13     | Noticed a boulder beetle
 13391 | D:13     | Found a transporter.
 13391 | D:13     | Noticed a tengu warrior
 13391 | D:13     | Noticed a six-headed hydra
 13399 | D:13     | Noticed a boulder beetle
 13474 | D:13     | Killed a boulder beetle
 13542 | D:13     | Killed a six-headed hydra
 13727 | D:13     | Noticed a two-headed ogre
 13737 | D:13     | Noticed a two-headed ogre
 13738 | D:13     | Killed a two-headed ogre
 13739 | D:13     | Reached XP level 13. HP: 102/102 MP: 13/13
 13766 | D:13     | Paralysed by something for 3 turns
 13831 | D:13     | Reached skill level 5 in Armour
 13839 | D:13     | Reached **** piety under Jiyva
 13968 | D:13     | Found a gate to the Vaults.
 14114 | D:13     | Killed an ettin
 14359 | Orc:1    | Entered Level 1 of the Orcish Mines
 14473 | Orc:2    | Entered Level 2 of the Orcish Mines
 14473 | Orc:2    | Found a staircase to the Elven Halls.
 14509 | Orc:2    | Found Abiollol's CLEARANCE SALE!.
 14610 | Orc:2    | Noticed Erolcha
 14626 | Orc:2    | Killed Erolcha
 14695 | Orc:2    | Found Plog's Distillery.
 14709 | Orc:2    | Bought 2 potions of haste for 280 gold pieces
 14709 | Orc:2    | Bought a potion of heal wounds for 70 gold pieces
 14736 | Orc:2    | Paralysed by an orc sorcerer for 2 turns
 14770 | Orc:2    | Found an ancient bone altar of Kikubaaqudgha.
 14772 | Orc:2    | Found Umoge's Magic Scroll Shoppe.
 14801 | Orc:2    | Paralysed by an orc sorcerer for 5 turns
 14806 | Orc:2    | HP: 2/105 [poisoned by a red devil]
 14806 | Orc:2    | Slain by a red devil

Illustrated notes

Levels and vault maps discovered:
D:1:      lightli_arrival_isolated_outpost, layout_rooms, serial_shops, shop,
          serial_bayou_pond_e, nicolae_kite_square_tiling_tiny
D:2:      layout_basic, shapermc_ecumenical_altar_mp_urbaneastern,
          dk_vineyard_1, nrook_mini_vaults
D:3:      layout_basic, gup_sewer_entry_glass
D:4:      layout_rooms, feat_on_display
D:5:      layout_basic, serial_shops, nicolae_take_the_stairs, uniq_eustachio,
          uniq_grinder
D:6:      layout_loops_corners, tso_oasis_becter, serial_bayou_pond_d,
          columned_hall_lemuel, minmay_diced_spiral, uniq_menkaure
D:7:      layout_cave_pools, grunt_temple_overflow_open, slow_altar_2,
          beargit_hepliaklqana_dungeon_heroes, minmay_temple_entry_from_below_b,
          serial_column_ruins, column_ruins_hut, column_ruins_open_tiny,
          column_ruins_columns_straight, column_ruins_grid_1,
          column_ruins_open_tiny, minmay_fountain_box, nrook_campfire,
          minivault_14, dreamdust_wishing_well, uniq_duvessa, uniq_pikel
D:8:      layout_gridville, nicolae_qazlal_general_emergency,
          mainiacjoe_overflow_cross_hatched, skrybe_limestone_x
D:9:      layout_rooms, lemuel_doored_altar, nemelex_diamond_rough_becter,
          mainiacjoe_overflow_concentric_impassable, lemuel_tele_altar,
          nicolae_diode_stairs
D:10:     layout_basic, due_lair_maze_entry_diamond, st_stairs_2
D:11:     layout_long_grid, jiyva_altar_1
D:12:     layout_roguey, erik_orc_1, serial_shops, nicolae_lakefront_shop
D:13:     gammafunk_the_bubble [the_bubble_gammafunk_split], layout_loops_ring,
          hangedman_vaults_entry_quadrant_bands, gammafunk_ghost_necromancy
Temple:   hellmonk_temple_of_storms
Orc:1:    layout_caves, basic_altar, ebering_ghost_xom, serial_shops,
          nicolae_shop_window_shopping
Orc:2:    kennysheep_orc_mage_school, layout_diamond_mine, basic_altar,
          nicolae_orc_flooded_monolith, nicolae_shop_clearance, uniq_erolcha

Skill      XL: |  1  2  3  4  5  6  7  8  9 10 11 12 13 |
---------------+----------------------------------------+-----
Armour         | 3 4 6 |  6.3
Axes           | 2 3 6 9 11 | 11.9
Shields        | 3 5 7 |  7.1
Short Blades   | 2 3 |  3.1
Dodging        | 1 3 5 8 9 10 13 14 | 14.0
Fighting       | 4 5 6 7 |  7.4
Long Blades    | 3 8 10 11 12 | 12.4
Evocations     | 1 2 |  2.4
Invocations    | 1 |  1.3
Throwing       | |  0.8
Unarmed Combat | |  0.4

Action                   |  1- 3 |  4- 6 |  7- 9 | 10-12 | 13-15 || total
-------------------------+-------+-------+-------+-------+-------++-------
Melee: War axe           |    63 |       |       |       |       ||    63
       Kick              |    11 |    41 |    66 |   524 |    98 ||   740
       Dagger            |    30 |    89 |       |    14 |     9 ||   142
       Headbutt          |     5 |    26 |    47 |     1 |       ||    79
       Hand axe          |       |    75 |   175 |   974 |   265 ||  1489
       Long sword        |       |       |    51 |   170 |       ||   221
       Flail             |       |       |       |     4 |       ||     4
       Unarmed           |       |       |       |       |     8 ||     8
Throw: Dart              |       |       |       |     2 |       ||     2
Invok: Recall Undead Har |       |       |       |     3 |       ||     3
       Slimify           |       |       |       |       |     1 ||     1
Evoke: Wand              |       |       |     6 |     8 |     1 ||    15
  Use: Scroll            |     2 |     9 |       |    16 |     7 ||    34
       Potion            |     2 |     1 |     2 |     5 |     4 ||    14
 Stab: Distracted        |       |       |       |     4 |       ||     4
       Confused          |       |       |       |     3 |       ||     3
       Invisible         |       |       |       |       |     7 ||     7
Armor: Scale mail        |    62 |    59 |    70 |   138 |       ||   329
       Chain mail        |       |       |       |   341 |   171 ||   512
Dodge: Dodged            |    35 |    40 |    93 |   721 |   191 ||  1080
Block: Buckler           |    29 |    65 |   142 |   652 |   127 ||  1015
